 Dungeon Crawl Stone Soup version 0.29.0-11-gd7f09526c8 (webtiles) character file.

Game seed: 17575011617884492020

59 KamiKatze the Covered (level 4, -2/29 HPs)
             Began as a Gargoyle Fighter on Sept 4, 2022.
             Slain by a gnoll
             ... wielding a +0 flail
              (6 damage)
             ... on level 2 of the Dungeon.
             The game lasted 00:03:32 (1465 turns).

KamiKatze the Covered (Gargoyle Fighter)            Turns: 1465, Time: 00:03:33

Health: -2/29      AC: 10    Str: 22    XL:     4   Next: 3%
Magic:  4/4        EV:  9    Int:  8    God:
Gold:   66         SH:  4    Dex:  9    Spells: 3/3 levels left

rFire   . . .      SeeInvis .   a - +0 war axe
rCold   . . .      Faith    .   c - +0 buckler
rNeg    + . .      Spirit   .   b - +0 scale mail
rPois   ∞          Reflect  .   (no helmet)
rElec   +          Harm     .   (no cloak)
rCorr   .          Rampage  .   (no gloves)
Will    .....                   (no boots)
Stlth   ..........              (no amulet)
HPRegen 0.09/turn               (no ring)
MPRegen 0.09/turn               (no ring)

@: no status effects
A: sickness immunity, AC +3, negative energy resistance 1, electricity
resistance, torment resistance 1, petrification resistance
a: no special abilities


You were on level 2 of the Dungeon.
You visited 1 branch of the dungeon, and saw 2 of its levels.

You collected 66 gold pieces.

Inventory:

Hand Weapons
 a - a +0 war axe (weapon)
Missiles
 f - 6 poisoned darts (quivered)
Armour
 b - a +0 scale mail (worn)
 c - a +0 buckler (worn)
Scrolls
 g - a scroll of enchant weapon {unknown}
 j - 2 scrolls of noise {unknown}
 k - 2 scrolls of teleportation {unknown}
 l - a scroll of enchant armour {unknown}
 o - 2 scrolls of identify {unknown}
 p - a scroll of vulnerability {unknown}
 q - 2 scrolls of brand weapon {unknown}
Potions
 d - a potion of might
 e - a potion of brilliance {unknown}
 h - a potion of degeneration {unknown}
 i - a potion of attraction {unknown}
 m - a potion of mutation {unknown}
 n - a potion of ambrosia {unknown}
 r - a potion of flight {unknown}


   Skills:
 + Level 3.7 Fighting
 * Level 2.7 Axes
 + Level 3.7 Armour
 + Level 3.7 Shields


You had 3 spell levels left.
You didn't know any spells.
Your spell library contained the following spells:

 Spells                   Type           Power      Damage    Failure   Level
 Beastly Appendage        Tmut           0%         N/A       82%         1
 Static Discharge         Conj/Air       0%         3-3/arc   91%         2
 Wereblood                Tmut           0%         N/A       91%         2
 Spider Form              Tmut/Pois      0%         N/A       99%         3
 Lightning Bolt           Conj/Air       0%         1d11      100%        5
 Maxwell's Capacitive Co  Air            0%         ∞         100%        8


Dungeon Overview and Level Annotations

Branches:
Dungeon (2/15)

Altars:


Innate Abilities, Weirdness & Mutations

You are immune to sickness and miasma.
Your stone body is resilient. (AC +3)
You are immune to poison.
You resist negative energy. (rN+)
You are resistant to electric shocks. (rElec)
You are resistant to unholy torment.
You are immune to petrification.


Message History

You climb downwards.
There is a stone staircase leading up here.
You open the door.
There is an open door here.
There is an escape hatch in the ceiling here.
You see here a +0 short sword.
The gnoll shouts!
You hear a shout!
You barely miss the gnoll. You block the gnoll's attack.
The gnoll hits you with a +0 flail!
You hit the gnoll.
The gnoll is moderately wounded.
The gnoll hits you with a +0 flail.
You closely miss the gnoll.
The gnoll is moderately wounded.
The gnoll barely misses you.
You hit the gnoll but do no damage.
The gnoll is moderately wounded.
You block the gnoll's attack. The gnoll barely misses you.
You barely miss the gnoll.
The gnoll is moderately wounded.
The gnoll shouts!
The gnoll hits you with a +0 flail!
* * * LOW HITPOINT WARNING * * *
You are too injured to fight recklessly!
The gnoll attacks as you move away! The gnoll barely misses you.
You barely miss the gnoll.
The gnoll is moderately wounded.
The gnoll closely misses you. x2
You hit the gnoll but do no damage.
The gnoll is moderately wounded.
The gnoll hits you but does no damage.
You slash the gnoll!
The gnoll is almost dead.
The gnoll hits you with a +0 flail.
* * * LOW HITPOINT WARNING * * *
The gnoll hits you with a +0 flail.
* * * LOW HITPOINT WARNING * * *
Unknown command.
The gnoll attacks as you move away! The gnoll hits you with a +0 flail.
You die...

############
#.........##
#.........#
#..###.#####
#.........#
#...........
#.........#
#g.##..#####
#.........# #..##..#
#.........# #..##..#
#.........# #..##..#
###'#..#.#######..##.##
#.#<.#..@gg.......>#
#.#.################
#.#..)...# #.######<#
#.# #.# #.# ####.# #.#
#....# #.# #.####
#.###.#


You could see 2 gnolls.

Vanquished Creatures
  2 gnolls
  An adder (D:2)
  3 bats
  2 endoplasms (D:1)
  A giant cockroach (D:1)
  2 hobgoblins
  3 jackals (D:1)
  A quokka (D:1)
  4 ball pythons (D:1)
  A frilled lizard (D:1)
  5 goblins
  A kobold (D:2)
  5 rats (D:1)
31 creatures vanquished.

Notes
Turn   | Place    | Note
-------+----------+-------------------------------------------
     0 | D:1      | KamiKatze the Gargoyle Fighter began the quest for the Orb.
     0 | D:1      | Reached XP level 1. HP: 14/14 MP: 1/1
   289 | D:1      | Reached XP level 2. HP: 17/19 MP: 2/2
   723 | D:1      | Reached XP level 3. HP: 18/23 MP: 3/3
   960 | D:2      | Found a faded altar of an unknown god.
  1323 | D:1      | Reached XP level 4. HP: 29/29 MP: 4/4
  1465 | D:2      | Slain by a gnoll

Illustrated notes

Levels and vault maps discovered:
D:1:      lightli_arrival_boilingwater, layout_loops_corners
D:2:      layout_basic, ebering_ecumenical_altar_rust

Skill      XL: |  1 |
---------------+----+-----
Axes           | 2 |  2.7
Fighting       | |  3.7
Armour         | |  3.7
Shields        | |  3.7

Action                   |  1- 3 |  4- 6 || total
-------------------------+-------+-------++-------
Melee: War axe           |   113 |     8 ||   121
Armor: Scale mail        |    56 |     1 ||    57
Dodge: Dodged            |    61 |     5 ||    66
Block: Buckler           |    27 |     2 ||    29
